 Dungeon Crawl Stone Soup version 0.31.0-9-g3a7656b989 (webtiles) character file.

Game seed: 14028052694000074966

241 qw the Shooter (level 5, 0/25 HPs)
             Began as a Spriggan Hunter on Feb 2, 2024.
             Slain by a cerulean imp
             ... wielding a +1 spear
             ... summoned by Natasha
              (4 damage)
             ... on level 2 of the Dungeon.
             The game lasted 00:00:04 (980 turns).

qw the Shooter (Spriggan Hunter)                     Turns: 980, Time: 00:00:05

Health: 0/25       AC:  2    Str:  7    XL:     5   Next: 80%
Magic:  6/6        EV: 20    Int: 10    God:
Gold:   116        SH:  0    Dex: 21    Spells: 4/4 levels left

rFire   . . .        a - +0 shortbow
rCold   . . .        (shield currently unavailable)
rNeg    . . .        c - +0 robe
rPois   .            (helmet restricted)
rElec   .            (no cloak)
rCorr   .            (gloves unavailable)
SInv    +            (boots unavailable)
Will    .....        (no amulet)
Stlth   ++           (no ring)
HPRegen 0.24/turn    (no ring)
MPRegen 0.10/turn

%: no passive effects
@: very quick
A: very small, no large weapons, unfitting armour, see invisible, speed 3
a: no special abilities


You were on level 2 of the Dungeon.
You visited 1 branch of the dungeon, and saw 2 of its levels.

You collected 116 gold pieces.


Innate Abilities, Weirdness & Mutations

You are very small and have problems with some larger weapons.
You are too small for most types of armour.
You have supernaturally acute eyesight. (SInv)
You cover ground extremely quickly. (Speed+++)


   Skills:
 - Level 1.5 Fighting
 - Level 6.4 Ranged Weapons
 + Level 4.8 Dodging
 - Level 1.5 Stealth


You had 4 spell levels left.
You didn't know any spells.
Your spell library was empty.

Inventory:

Hand Weapons
 a - a +0 shortbow (weapon)
Armour
 c - a +0 robe (worn)
Jewellery
 b - an amulet of faith
Wands
 j - a wand of roots (8)
Scrolls
 d - 2 scrolls of identify
 e - a scroll of immolation {unknown}
 g - a scroll of silence {unknown}
Potions
 f - a potion of brilliance {unknown}
 h - a potion of mutation
 i - a potion of heal wounds {unknown}

Dungeon Overview and Level Annotations

Branches:
Dungeon (2/15)

Altars:

Annotations:
D:2 Natasha


Message History

The cerulean imp hits you from afar with a +0 spear.
You shoot an arrow. The arrow misses the cerulean imp.
The cerulean imp barely misses you. The cerulean imp completely misses you.
You shoot an arrow. The arrow hits the cerulean imp!
You kill the cerulean imp!
The cerulean imp disappears in a puff of smoke!
A gnoll comes into view. It is wielding a +2 vampiric whip.
The cerulean imp hits you from afar with a +0 spear.
You shoot an arrow. The arrow hits the gnoll!
The gnoll is heavily wounded.
Natasha casts a spell.
The gnoll closely misses you.
The cerulean imp hits you but does no damage.
You shoot an arrow. The arrow hits the gnoll!
You kill the gnoll!
The cerulean imp hits you from afar with a +0 spear.
974 ||| RETREEEEATING.
You shoot an arrow. The arrow hits the cerulean imp.
The cerulean imp is lightly wounded.
The cerulean imp closely misses you.
You shoot an arrow.
The arrow closely misses the cerulean imp.
The cerulean imp misses you. The cerulean imp closely misses you.
Enter note:
Enter note: You shoot an arrow.
The arrow barely misses the cerulean imp.
The cerulean imp hits you from afar with a +0 spear.
The cerulean imp hits you from afar with a +1 spear.
You shoot an arrow. The arrow hits the cerulean imp.
The cerulean imp is almost dead.
The cerulean imp disappears in a puff of smoke!
The cerulean imp closely misses you.
You shoot an arrow. The arrow hits the cerulean imp.
The cerulean imp is moderately wounded.
The cerulean imp misses you.
You shoot an arrow. The arrow closely misses the gnoll.
Natasha mumbles some strange words.
The cerulean imp hits you from afar with a +1 spear.
You die...

#.##.#..)##########
~~# .####^...#
####.## .........#
..#...# #######.##
....... ##.##
##...)... #.%.#
##h....... #.>.#
#.5..g.... ##...##
#g#..#...#
#.....######@#### #
#.............#
#.....#########
#....## ### #....##
#.#
##.....#######.#
#....%.........#
##.....####.####
#####....## ##.##


You could see Natasha, a gnoll and a cerulean imp (summoned).

Vanquished Creatures
  Sigmund (D:2)
  3 gnolls
  3 adders (D:2)
  2 dart slugs
  4 ball pythons
  2 endoplasms (D:1)
  3 giant cockroaches
  2 hobgoblins
  4 jackals (D:1)
  2 kobolds
  A bat (D:2)
  A frilled lizard (D:1)
  4 goblins
  2 rats (D:1)
34 creatures vanquished.

Notes
Turn   | Place    | Note
-------+----------+-------------------------------------------
     0 | D:1      | qw the Spriggan Hunter began the quest for the Orb.
     0 | D:1      | Reached XP level 1. HP: 10/10 MP: 2/2
     0 | D:1      | 0 ||| qw: Version: 0.3-a-155-g5e7d8dd
     0 | D:1      | 0 ||| qw: Game counter: 1682
     0 | D:1      | 0 ||| qw: Melee chars always use a shield: true
     0 | D:1      | 0 ||| qw: God list: Okawaru
     0 | D:1      | 0 ||| qw: Allow faded altars: false
     0 | D:1      | 0 ||| qw: Do Orc after clearing Dungeon:15 true
     0 | D:1      | 0 ||| qw: Do second Lair branch before Depths: true
     0 | D:1      | 0 ||| qw: Lair rune preference: random
     0 | D:1      | 0 ||| qw: Goals: Normal
     0 | D:1      | 0 ||| PLANNING D:1-11
    47 | D:1      | Reached skill level 3 in Dodging
    57 | D:1      | Reached XP level 2. HP: 14/14 MP: 3/3
   242 | D:1      | Reached XP level 3. HP: 18/18 MP: 4/4
   405 | D:1      | 405 ||| READING scroll labelled CEIXZE GUFEV.
   506 | D:1      | 506 ||| READING scroll labelled UPNAXETTYN.
   507 | D:1      | 507 ||| READING scroll labelled VOP SAASUEWAMU.
   508 | D:1      | 508 ||| READING scroll labelled DIPUHU CUOPPIA.
   508 | D:1      | 508 ||| IDENTIFYING fizzy pink potion
   509 | D:1      | 509 ||| READING scroll labelled ECLIQE ZAPNU.
   514 | D:1      | 514 ||| DROPPING scroll of butterflies.
   578 | D:2      | Noticed Sigmund
   588 | D:2      | Killed Sigmund
   589 | D:2      | Reached skill level 6 in Ranged Weapons
   589 | D:2      | Reached XP level 4. HP: 11/22 MP: 5/5
   589 | D:2      | Reached XP level 5. HP: 13/25 MP: 6/6
   955 | D:2      | Noticed Natasha
   963 | D:2      | 963 ||| RETREEEEATING.
   974 | D:2      | 974 ||| RETREEEEATING.
   977 | D:2      | HP: 4/25 [cerulean imp/+1 spear[Natasha] (4)]
   980 | D:2      | Slain by a cerulean imp

Levels and vault maps discovered:
D:1:      eino_arrival_water_cross, layout_rooms
D:2:      wad_lake_hut, layout_loops_ring, uniq_natasha, uniq_sigmund

Skill      XL: |  1  2  3 |
---------------+----------+-----
Dodging        | 3 4 |  4.8
Ranged Weapons | 6 |  6.4
Fighting       | |  1.5
Stealth        | |  1.5

Action                     |  1- 3 |  4- 6 || total
---------------------------+-------+-------++-------
   Fire: Shortbow          |    62 |    41 ||   103
    Use: Scroll            |     5 |       ||     5
 Armour: Robe              |     6 |     9 ||    15
  Dodge: Dodged            |    19 |    24 ||    43

Table legend:
 A = Non-vault XP
 B = Vault XP
 C = Vault XP percentage of total XP
 D = Non-vault monster count
 E = Vault monster count
 F = Vault count percentage of total count
                 A         B        C        D         E       F
            +---------+---------+-------+---------+---------+-------
      Total |     131 |     214 |  62.0 |      33 |       1 |   2.9
            +---------+---------+-------+---------+---------+-------
        D:1 |      44 |       0 |   0.0 |      18 |       0 |   0.0
        D:2 |      87 |     214 |  71.1 |      15 |       1 |   6.2
            +---------+---------+-------+---------+---------+-------
